 Dungeon Crawl Stone Soup version 0.32-a0-986-ga09f62fbf4 (webtiles) character file.

Game seed: 412046309236092602

405059 protoss039 the Eclecticist (level 22, -9/182 HPs)
             Began as a Demonspawn Earth Elementalist on Apr 20, 2024.
             Was the Champion of Vehumet.
             Mangled by Mennas
             ... wielding a +5 trishula of holy wrath
              (18 damage)
             ... on level 3 of the Depths on Apr 21, 2024.
             The game lasted 04:30:43 (56251 turns).

protoss039 the Eclecticist (DsEE)                  Turns: 56251, Time: 04:30:43

Health: -9/182     AC: 15    Str: 15    XL:     22   Next: 35%
Magic:  21/43      EV: 11    Int: 35    God:    Vehumet [******]
Gold:   4567       SH: 14    Dex: 21    Spells: 12/56 levels left

rFire   + . .        J - +6 rapier of World Downfall {freeze, ^Contam Str+5 Dex+3 SInv}
rCold   + + .        F - +0 kite shield {reflect}
rNeg    + + +        v - +1 leather armour "Xinyhu" {rElec Int+4}
rPois   +            A - +1 hat of Courage {^Drain rC+ rN+++ Stlth+}
rElec   +            (cloak unavailable)
rCorr   +            x - +2 pair of gloves {Dex+3}
SInv    +            j - +0 pair of boots
Will    +++..        f - amulet of magic regeneration
Stlth   ++           r - ring "Gavizep" {rCorr Int+7}
HPRegen 0.50/turn    y - ring of Ashrum {*Corrode rF+ rC+ Will+}
MPRegen 0.68/turn

%: corrode self (3%), reflection
@: very slightly contaminated, hasted, glowing, studying 2 skills, silenced,
very quick
A: slimy green scales 3, demonic guardian 3, powered by death 2, demonic
willpower, weakness stinger 3
}: 2/15 runes: decaying, gossamer
a: Renounce Religion


You were on level 3 of the Depths.
You worshipped Vehumet.
Vehumet was exalted by your worship.
You visited 8 branches of the dungeon, and saw 40 of its levels.
You also visited: Desolation.

You collected 6474 gold pieces.
You spent 1907 gold pieces at shops.

Inventory:

Hand Weapons
 a - the +9 sword of Zonguldrok {reap}
   (You found it on level 2 of the Depths)
 J - the +6 rapier of World Downfall (weapon) {freeze, ^Contam Str+5 Dex+3 SInv}
   (You found it on level 5 of the Lair of Beasts)

   Str+5:     It affects your strength (+5).
   Dex+3:     It affects your dexterity (+3).
   SInv:      It lets you see invisible.
   ^Contam:   It causes magical contamination when unequipped.
 Q - the +4 dagger "Liur" {flame, MP+9 Int+4 Dex-3}
   (You found it on level 1 of the Elven Halls)

   Int+4:     It affects your intelligence (+4).
   Dex-3:     It affects your dexterity (-3).
   MP+9:      It affects your magic capacity (+9).
 T - the +2 falchion "Ginkimen" {drain, +Blink rPois rCorr Dex-3}
   (You found it on level 1 of the Elven Halls)

   Dex-3:     It affects your dexterity (-3).
   rPois:     It protects you from poison.
   +Blink:    It lets you blink.
   rCorr:     It protects you from acid and corrosion.
Missiles
 R - 6 silver javelins
Armour
 j - a +0 pair of boots (worn)
 v - the +1 leather armour "Xinyhu" (worn) {rElec Int+4}
   (You found it on level 3 of the Spider Nest)

   Int+4:     It affects your intelligence (+4).
   rElec:     It insulates you from electricity.
 x - a +2 pair of gloves of dexterity (worn)
 A - the +1 hat of Courage (worn) {^Drain rC+ rN+++ Stlth+}
   (You acquired it on level 3 of the Vaults)

   rC+:       It protects you from cold.
   rN+++:     It renders you almost immune to negative energy.
   ^Drain:    It drains your maximum health when unequipped.
   Stlth+:    It makes you more stealthy.
 F - a +0 kite shield of reflection (worn)
 L - the +4 tower shield of Bitterness {Int+3 Dex+4}
   (You bought it in a shop on level 2 of the Elven Halls)

   Int+3:     It affects your intelligence (+3).
   Dex+4:     It affects your dexterity (+4).
Jewellery
 f - an amulet of magic regeneration (around neck)
 r - the ring "Gavizep" (left hand) {rCorr Int+7}
   (You took it off a deep elf annihilator on level 3 of the Elven Halls)

   [ring of resist corrosion]

   Int+7:     It affects your intelligence (+7).
   rCorr:     It protects you from acid and corrosion.
 y - the ring of Ashrum (right hand) {*Corrode rF+ rC+ Will+}
   (You found it on level 2 of the Vaults)

   [ring of protection from fire]

   rF+:       It protects you from fire.
   rC+:       It protects you from cold.
   Will+:     It increases your willpower.
   *Corrode:  It may corrode you when you take damage.
 H - the ring "Jeubb" {Int+3 Slay+4}
   (You found it in the Desolation of Salt)

   [ring of slaying]

   Int+3:     It affects your intelligence (+3).
   Slay+4:    It affects your accuracy & damage with ranged weapons and melee
   (+4).
 M - the ring of Lungegep {rElec Will+ AC+4 SInv}
   (You took it off a deep elf demonologist on level 3 of the Elven Halls)

   [ring of protection]

   AC+4:      It affects your AC (+4).
   rElec:     It insulates you from electricity.
   Will+:     It increases your willpower.
   SInv:      It lets you see invisible.
 U - the ring of Muevi {AC+4 Int+4}
   (You found it on level 8 of the Dungeon)

   [ring of protection]

   AC+4:      It affects your AC (+4).
   Int+4:     It affects your intelligence (+4).
Talismans
 V - a granite talisman
 Z - a talisman of death
Wands
 c - a wand of mindburst (35)
 l - a wand of digging (8)
 o - a wand of iceblast (40)
 G - a wand of quicksilver (13)
Scrolls
 d - 7 scrolls of torment
 e - 9 scrolls of immolation
 g - 12 scrolls of teleportation
 i - 2 scrolls of fear
 k - a scroll of blinking
 t - 8 scrolls of fog
 u - 5 scrolls of revelation
 E - a scroll of amnesia
 O - 2 scrolls of butterflies
 X - 4 scrolls of poison
Potions
 h - a potion of berserk rage
 m - 3 potions of magic
 n - 12 potions of mutation
 p - 5 potions of brilliance
 q - 13 potions of curing
 s - a potion of invisibility
 w - 2 potions of enlightenment
 z - 7 potions of resistance
 B - 3 potions of heal wounds
 C - 10 potions of lignification
 D - 5 potions of haste
 K - 4 potions of cancellation
 N - 5 potions of might
 S - 6 potions of ambrosia
Miscellaneous
 b - a phantom mirror (inert)
 W - a condenser vane


   Skills:
 + Level 17.4 Fighting
 - Level 12.0 Armour
 - Level 3.0 Dodging
 - Level 3.0 Stealth
 + Level 13.7 Shields
 * Level 17.6 Spellcasting
 + Level 14.5 Conjurations
 - Level 6.0 Necromancy
 - Level 3.0 Ice Magic
 - Level 3.0 Air Magic
 * Level 17.2 Earth Magic
 - Level 3.0 Alchemy
 - Level 6.0 Evocations
 + Level 9.0 Shapeshifting


You had 12 spell levels left.
You knew the following spells:

 Your Spells              Type           Power      Damage    Failure   Level
a - Sandblast             Erth           100%       2d20      0%          1
b - Passwall              Erth           100%       N/A       0%          3
c - Stone Arrow           Conj/Erth      100%       3d13      0%          3
d - Lee's Rapid Deconstr  Erth           50%        3d24*     1%          5
e - Irradiate             Conj/Alch      37%        3d24      1%          5
g - Mephitic Cloud        Conj/Alch/Air  68%        N/A       1%          3
h - Freezing Cloud        Conj/Ice/Air   34%        6-21      1%          5
i - Borgnjor's Vile Clut  Necr/Erth      42%        N/A       1%          5
j - Bombard               Conj/Erth      48%        9d8       1%          6
k - Lehudib's Crystal Sp  Conj/Erth      48%        10d12     7%          8

Your spell library contained the following spells:

 Spells                   Type           Power      Damage    Failure   Level
 Polar Vortex             Ice            25%        12d3*     100%        9
 Magic Dart               Conj           100%       1d8       0%          1
 Searing Ray              Conj           100%       2d8       0%          2
 Foxfire                  Conj/Fire      100%       2x1d9     1%          1
 Kiss of Death            Conj/Necr      100%       2d13      1%          1
 Shock                    Conj/Air       100%       1d9       1%          1
 Cigotuvi's Dreadful Rot  Necr/Alch/Air  100%       N/A       1%          2
 Mercury Vapours          Alch/Air       100%       N/A       1%          2
 Fugue of the Fallen      Necr           64%        N/A       1%          3
 Vampiric Draining        Necr           64%        2d10      1%          3
 Animate Armour           Summ/Erth      100%       N/A       1%          4
 Brom's Barrelling Bould  Conj/Erth      97%        2d11      1%          4
 Fulminant Prism          Conj/Alch      37%        3d17      1%          4
 Leda's Liquefaction      Alch/Erth      40%        N/A       1%          4
 Petrify                  Alch/Erth      80%        N/A       1%          4
 Fireball                 Conj/Fire      34%        3d14      1%          5
 Iskenderun's Battlesphe  Conj           93%        2d14      1%          5
 Permafrost Eruption      Ice/Erth       40%        2x4d9     1%          6
 Apportation              Tloc           60%        N/A       2%          1
 Slow                     Hex            100%       N/A       2%          1
 Summon Small Mammal      Summ           100%       N/A       2%          1
 Inner Flame              Hex/Fire       30%        N/A       2%          3
 Ozocubu's Armour         Ice            51%        N/A       2%          3
 Swiftness                Air            51%        N/A       2%          3
 Airstrike                Air            25%        2d(4-20)  2%          4
 Dispel Undead            Necr           64%        3d22      2%          4
 Call Imp                 Summ           60%        N/A       3%          2
 Jinxbite                 Hex            60%        N/A       3%          2
 Lesser Beckoning         Tloc           60%        N/A       3%          2
 Ignite Poison            Fire/Alch      41%        N/A       4%          4
 Starburst                Conj/Fire      34%        6d10      5%          6
 Confusing Touch          Hex            30%        N/A       8%          3
 Maxwell's Portable Pile  Tloc           30%        2d(8-22)  8%          3
 Teleport Other           Tloc           30%        N/A       8%          3
 Tukima's Dance           Hex            30%        N/A       8%          3
 Martyr's Knell           Necr/Summ      51%        N/A       8%          4
 Magnavolt                Erth/Air       40%        3d19      9%          7
 Yara's Violent Unravell  Hex/Alch       20%        3d9       11%         5
 Alistair's Intoxication  Alch           34%        N/A       21%         5
 Cause Fear               Hex            15%        N/A       26%         4
 Passage of Golubria      Tloc           30%        N/A       26%         4
 Eringya's Noxious Bog    Alch           25%        4d6       28%         6
 Spellforged Servitor     Conj/Summ      34%        N/A       28%         7
 Death Channel            Necr           32%        N/A       32%         6
 Seismic Cannonade        Alch/Erth      40%        6d14      32%         7
 Silence                  Hex/Air        20%        N/A       36%         5
 Plasma Beam              Fire/Air       20%        2x1d32    45%         6
 Shatter                  Erth           50%        3d38*     45%         9
 Summon Forest            Summ/Tloc      15%        N/A       56%         5
 Summon Mana Viper        Hex/Summ       30%        N/A       56%         5
 Sculpt Simulacrum        Ice/Alch       25%        N/A       75%         6
 Ozocubu's Refrigeration  Ice            25%        4d13      80%         7
 Summon Cactus Giant      Summ           15%        N/A       98%         6
 Rimeblight               Ice/Necr       29%        2d6       (prima98%   7
 Haunt                    Necr/Summ      25%        N/A       99%         7
 Malign Gateway           Summ/Tloc      15%        N/A       100%        7
 Manifold Assault         Tloc           15%        N/A       100%        7
 Borgnjor's Revivificati  Necr           32%        N/A       100%        8
 Ignition                 Fire           15%        3d6       100%        8
 Summon Horrible Things   Summ           15%        N/A       100%        8
 Chain Lightning          Conj/Air       37%        3d50      100%        9
 Death's Door             Necr           32%        N/A       100%        9
 Dragon's Call            Summ           15%        N/A       100%        9
 Fire Storm               Conj/Fire      34%        8d9       100%        9


Dungeon Overview and Level Annotations

Branches:
Dungeon (15/15) Zot: 25062  Temple (0/1) D:6            Lair (5/5) D:10 Zot: 23180
  Swamp (4/4) Lair:3 Zot: 18519  Spider (4/4) Lair:3 Zot: 17712   Slime (0/5) Lair:5
    Orc (2/2) D:9 Zot: 10396     Elf (3/3) Orc:2 Zot: 11926  Vaults (4/5) D:14 Zot: 16383
  Crypt (0/3) Vaults:3     Depths (3/4) D:15 Zot: 13792 Desolation (visited)

Altars:
Ashenzari
Cheibriados
Dithmenos
Fedhas
Hepliaklqana
Kikubaaqudgha
Nemelex Xobeh
Okawaru
Qazlal
Sif Muna
Trog
Uskayaw
Vehumet
Wu Jian
Beogh
Jiyva

Shops:
D:11 [   Orc:2 (:*[   Elf:2 :[=:   Vaults:2 (   Depths:2 :

Portals:
Hell: Depths:1 Depths:2
Abyss: Depths:1
Pandemonium: Depths:2
Ziggurat: Depths:1
Trove: D:10 (give +3 gold dragon scales)

Annotations:
D:4 Blork the orc
D:9 exclusion: orange crystal statue
Lair:3 3 runed translucent doors, Tutoepidd's ghost, journeyman DrFE
Lair:4 2 transporters, Peaxtag's ghost, journeyman AtMo
Lair:5 exclusion: oklob plant
Depths:3 Mennas


Innate Abilities, Weirdness & Mutations

You are completely covered in slimy green scales. (AC +4, rPois)
A powerful demonic guardian rushes to your aid.
You regenerate health from kills.
You punish those that try to bend your will. (Will+)
You have a sharp stinger which inflicts weakening toxins.


Message History

Mennas hits Mennas from afar with a +5 trishula of holy wrath.
Mennas escapes!
Unknown command.
Casting: Lehudib's Crystal Spear (dangerous; 7% risk of failure)
Confirm with . or Enter, or press ? or * to list all spells.
Aiming: Borgnjor's Vile Clutch (mildly dangerous; 1% risk of failure)
Press: ? - help, Shift-Dir - straight line, f/p - Mennas
Aim: Mennas, wielding a +5 trishula of holy wrath and wearing a +0 tower shield of positive energy (silenced, heavily wounded, ally target, haloed, 100% to hit)
Zombie hands grab Mennas.
The zombie hands constrict Mennas.
Mennas escapes!
Mennas hits you from afar with a +5 trishula of holy wrath!!
You convulse!!
Mennas hits you from afar with a +5 trishula of holy wrath!
You convulse!
Unknown command.
Unknown command.
Press: ? - help, v - describe, . - travel
Here: Mennas, wielding a +5 trishula of holy wrath and wearing a +0 tower shield of positive energy (silenced, heavily wounded, ally target, haloed)
The floor.
You feel yourself speed up.
Mennas blocks Mennas's attack.
Mennas hits Mennas from afar with a +5 trishula of holy wrath!
Mennas hits you from afar with a +5 trishula of holy wrath!!
You convulse!!
* * * LOW HITPOINT WARNING * * *
Mennas hits you from afar with a +5 trishula of holy wrath!!
* * * LOW HITPOINT WARNING * * *
A demonic guardian appears!
You convulse!
* * * LOW HITPOINT WARNING * * *
Unknown command.
Press: ? - help, v - describe, . - travel The floor, spattered with blood.
This square is shrouded in silence and is lit by a halo.
Unknown command.
Unknown command.
Press: ? - help, v - describe, . - travel The floor.
This square is shrouded in silence and is lit by a halo.
Mennas shakes his head sadly.
Mennas hits you from afar with a +5 trishula of holy wrath!!
You die...

## ##.# #####@#
#.....###
#######.2A.####
#..####........
###........A....
##............
##............
#......####...
#####..##### ...


You could see Mennas (ally target), the friendly Mennas (summoned, silencing,
drained) and a friendly lorocyproca (summoned, invisible).

Vanquished Creatures
  2 juggernauts (Depths:2)
  A golden dragon (Depths:2)
  Norris (Depths:1)
  A tentacled monstrosity (Vaults:2)
  Rupert (Lair:5)
  2 liches (Depths:2)
  Asterion (Vaults:3)
  2 deep elf blademasters (Elf:3)
  2 sphinxes
  Frances (Spider:1)
  Kirke (Spider:1)
  An ancient champion (Vaults:3)
  3 tengu reavers
  A fenstrider witch (Swamp:3)
  A shadow dragon (Depths:3)
  A thorn hunter (Swamp:1)
  3 fire giants (Depths:2)
  Roxanne (Swamp:3)
  A frost giant (Vaults:1)
  4 emperor scorpions
  11 vault wardens
  9 deep elf sorcerers
  3 deep elf elementalists (Elf:3)
  6 ghost moths
  2 orc warlords
  A caustic shrike skeleton (Depths:2)
  3 formless jellyfish
  15 ironbound preservers
  3 stone giants
  3 broodmothers
  8 very ugly things
  6 deep elf death magi (Elf:3)
  8 ironbound thunderhulks
  6 deep elf demonologists
  8 eleionomae
  3 deep elf annihilators (Elf:3)
  Nessos (D:14)
  Azrael (D:14)
  A lorocyproca (Depths:2)
  4 bunyips
  4 halazid warlocks (Desolation)
  5 war gargoyles
  6 dire elephants
  10 spark wasps
  4 crystal guardians
  4 ragged hierophants (Desolation)
  8 ettins
  2 jiangshi (Vaults:3)
  6 deep elf high priests (Elf:3)
  Fannar (D:11)
  4 fire dragons
  8 servants of whispers (Desolation)
  14 yaktaur captains
  A great orb of eyes (Vaults:2)
  An entropy weaver (Vaults:4)
  8 hydras
  2 shambling mangroves
  8 ice dragons
  An ogre mage (Orc:2)
  7 peacekeepers
  4 radroaches
  2 rakshasas
  9 alligators
  Erolcha (D:13)
  10 ironbound frosthearts
  3 jorogumos
  2 spriggan air magi
  4 vault guards (Vaults:3)
  4 catoblepae
  4 death yaks
  4 ghost crabs
  9 boulder beetles
  29 dancing weapons
  9 deep troll shamans
  Erica (D:8)
  20 centaur warriors
  9 demonic crawlers
  9 two-headed ogres
  11 tengu warriors
  8 deep troll earth magi
  2 orc high priests
  A vampire mage (Vaults:3)
  2 spriggan berserkers
  5 hell knights (Depths:1)
  A soul eater (Depths:2)
  A sun demon (Depths:2)
  4 skysharks
  3 skeletal warriors (D:14)
  14 deep elf knights
  A death drake (Swamp:3)
  2 iron trolls (Depths:1)
  4 pharaoh ants
  A storm dragon skeleton (Depths:2)
  9 orb spiders
  13 deep elf archers
  A goliath frog (Swamp:1)
  3 bunyip zombies (Swamp:3)
  2 spriggan druids
  A glowing orange brain (Vaults:4)
  55 deep trolls
  9 ironbound convokers
  5 arcanists
  2 swamp dragons
  3 thermic dynamos
  An orange crystal statue (Elf:3)
  2 flayed ghosts
  Pikel (D:9)
  5 bog bodies
  2 phantasmal warriors (Vaults:3)
  5 steelbarb worms
  9 orc knights
  2 bunyip skeletons (Swamp:3)
  8 lindwurms
  A frost giant zombie (Depths:2)
  5 necromancers
  14 wolf spiders
  2 human zombies (Vaults:4)
  31 deep elf pyromancers
  16 deep elf zephyrmancers
  A faun (shapeshifter) (Depths:2)
  2 manticores
  3 orc sorcerers
  A shadow dragon skeleton (Depths:2)
  33 ugly things
  2 will-o-the-wisps (Swamp:4)
  2 cyclopes
  13 vault sentinels
  3 meliai (Spider:4)
  2 kobold blastminers (Orc:2)
  A human skeleton (Vaults:4)
  A moth of wrath (Spider:4)
  4 black mambas
  4 guardian serpents (Desolation)
  16 elephants
  A gargoyle (D:13)
  4 molten gargoyles
  A smoke demon (Depths:2)
  An unseen horror (D:11)
  3 torpor snails
  11 cane toads
  Maggie (D:8)
  6 freezing wraiths
  A kobold demonologist (D:12)
  3 rime drakes
  8 tengu conjurers
  27 yaktaurs
  10 komodo dragons
  5 polar bears
  6 trolls
  An elf simulacrum (Vaults:4)
  43 saltlings (Desolation)
  2 bloated husks
  11 jumping spiders
  6 tyrant leeches
  13 tarantellas
  7 dream sheep
  12 hornets
  15 blink frogs
  A raiju (shapeshifter) (Elf:3)
  16 slime creatures
  13 culicivoras
  6 spriggans
  A vampire (D:11)
  An air elemental (Elf:2)
  25 yaks
  7 wyverns
  2 shadows
  A water elemental (Elf:2)
  3 fire elementals
  A wraith (D:13)
  Eustachio (D:4)
  46 redbacks
  5 swamp worm simulacra (Swamp:4)
  6 basilisks
  2 death yak simulacra (D:14)
  3 wargs
  2 steam dragons
  12 vampire mosquitoes
  4 hogs (Spider:1)
  15 swamp worms
  A swamp worm (shapeshifter) (D:15)
  A yaktaur simulacrum (Vaults:4)
  5 acid dragons
  A glowing shapeshifter zombie (Depths:2)
  19 hydra simulacra
  2 hell hounds
  10 water moccasins
  4 black bears
  An ettin simulacrum (Vaults:2)
  22 orc warriors
  An ice beast (D:4)
  A spriggan simulacrum (Swamp:3)
  3 swamp drakes
  A sky beast (D:8)
  18 wolves
  6 ogres
  14 centaurs
  2 phantoms (D:7)
  8 kobold brigands
  9 bullfrogs
  An earth elemental (Elf:3)
  3 wights (D:8)
  5 elephant simulacra (D:14)
  4 howler monkeys
  5 lava snakes (Lair:4)
  3 hounds
  A bombardier beetle (D:5)
  19 orc priests
  4 jellies
  2 gnoll boudas
  A sleepcap (D:6)
  7 iguanas
  A hell rat (D:14)
  19 orc wizards
  13 gnolls
  4 adders
  A shadow imp (D:7)
  2 white imps
  A hell rat simulacrum (D:14)
  2 ufetubi (Vaults:2)
  3 swamp drake simulacra (Swamp:4)
  2 ribbon worms
  A dart slug (D:1)
  64 orcs
  6 ball pythons
  11 endoplasms
  3 giant cockroaches
  9 hobgoblins
  10 jackals
  A quokka (D:4)
  5 bats
  4 frilled lizards
  20 goblins
  42 kobolds
  4 rats
1508 creatures vanquished.

Vanquished Creatures (collateral kills)
  An ironbound preserver (Vaults:2)
  2 broodmothers (Spider:1)
  A dire elephant (Vaults:2)
  A great orb of eyes (Vaults:4)
  A yaktaur captain (Vaults:4)
  A peacekeeper (Vaults:1)
  An ironbound frostheart (Vaults:3)
  A servant of whispers (Desolation)
  2 centaur warriors (Vaults:3)
  A boulder beetle (D:15)
  A dancing weapon (Elf:2)
  A two-headed ogre (Orc:2)
  A deep troll shaman (Depths:2)
  A deep elf knight (Elf:2)
  A pharaoh ant (Spider:1)
  3 orb spiders
  A swamp dragon (Swamp:1)
  6 deep trolls
  A spriggan druid (Swamp:4)
  2 deep elf pyromancers
  2 lindwurms (Vaults:1)
  3 deep elf zephyrmancers
  2 wolf spiders
  2 thermic dynamos (Elf:1)
  An ugly thing (Depths:1)
  A manticore (D:15)
  4 yaktaurs
  A troll (Orc:2)
  2 jumping spiders
  A polar bear (Lair:4)
  A tyrant leech (Swamp:1)
  2 tarantellas (Spider:4)
  2 blink frogs
  2 dream sheep (Lair:4)
  3 slime creatures (D:12)
  2 culicivoras (Spider:1)
  3 redbacks
  A swamp worm (Swamp:1)
  3 orc warriors (Orc:2)
  An orc priest (Orc:1)
  2 orc wizards (Orc:2)
  7 orcs (Orc:1)
  A butterfly (Lair:4)
79 creatures vanquished.

Vanquished Creatures (others)
  A deep elf elementalist (Elf:3)
  A dancing weapon (Elf:2)
  A bog body (Swamp:1)
  A spriggan druid (Swamp:2)
  A deep elf zephyrmancer (Elf:3)
  A wolf spider (Spider:2)
  2 bloated husks (Swamp:1)
  A hornet (Spider:4)
  A saltling (Desolation)
  A tarantella (Spider:3)
  14 foxfires (Swamp:4)
25 creatures vanquished.

Grand Total: 1612 creatures vanquished

Notes
Turn   | Place    | Note
-------+----------+-------------------------------------------
     0 | D:1      | protoss039 the Demonspawn Earth Elementalist began the
                  | quest for the Orb.
     0 | D:1      | Reached XP level 1. HP: 13/13 MP: 3/3
   245 | D:1      | Gained mutation: You regenerate a little health from kills.
                  | [demonic ancestry]
   245 | D:1      | Reached XP level 2. HP: 16/20 MP: 0/5
   394 | D:1      | Reached skill level 1 in Fighting
   823 | D:1      | Gained mutation: You have a small tail. [demonic ancestry]
   823 | D:1      | Reached XP level 3. HP: 26/26 MP: 3/6
  1163 | D:1      | Learned a level 3 spell: Passwall
  1167 | D:1      | Learned a level 3 spell: Stone Arrow
  1664 | D:2      | Reached XP level 4. HP: 33/33 MP: 5/8
  2557 | D:3      | Found a stormy altar of Qazlal.
  2600 | D:3      | Reached XP level 5. HP: 39/39 MP: 3/9
  3008 | D:4      | Noticed Blork the orc
  3072 | D:4      | Noticed an ogre
  3076 | D:4      | Killed an ogre
  3198 | D:4      | Found a shadowy altar of Dithmenos.
  3289 | D:4      | Noticed an ice beast
  3312 | D:4      | Killed an ice beast
  3313 | D:4      | Reached skill level 1 in Evocations
  3313 | D:4      | Reached XP level 6. HP: 12/47 MP: 1/11
  3472 | D:4      | Found a blossoming altar of Fedhas.
  4140 | D:4      | Found a snail-covered altar of Cheibriados.
  4187 | D:4      | Noticed Eustachio
  4196 | D:4      | Killed Eustachio
  4197 | D:4      | Gained mutation: You are partially covered in slimy green
                  | scales. (AC +2) [demonic ancestry]
  4197 | D:4      | Reached XP level 7. HP: 52/52 MP: 1/12
  4302 | D:4      | Found a radiant altar of Vehumet.
  4364 | D:4      | Became a worshipper of Vehumet
  4905 | D:5      | Entered Level 5 of the Dungeon
  5707 | D:6      | Reached XP level 8. HP: 60/60 MP: 11/14
  5817 | D:6      | Found a staircase to the Ecumenical Temple.
  5955 | D:6      | Reached skill level 5 in Earth Magic
  6154 | D:6      | Found an ancient bone altar of Kikubaaqudgha.
  6212 | D:6      | Reached * piety under Vehumet
  6212 | D:6      | Offered knowledge of Freeze by Vehumet.
  7016 | D:7      | Reached skill level 5 in Spellcasting
  7181 | D:7      | Reached skill level 5 in Fighting
  7181 | D:7      | Reached skill level 1 in Armour
  7181 | D:7      | Reached skill level 1 in Shields
  7291 | D:7      | Gained mutation: A weak demonic guardian rushes to your
                  | aid. [demonic ancestry]
  7291 | D:7      | Reached XP level 9. HP: 59/68 MP: 16/16
  7834 | D:7      | Found a hide-covered altar of Uskayaw.
  8028 | D:8      | Offered knowledge of Scorch by Vehumet.
  8031 | D:8      | Identified the ring of Muevi {AC+4 Int+4}
  8073 | D:8      | Noticed Erica
  8165 | D:8      | Reached ** piety under Vehumet
  8174 | D:8      | Found an iron altar of Okawaru.
  8225 | D:8      | Reached skill level 5 in Conjurations
  8348 | D:8      | Killed Erica
  8361 | D:8      | Gained mutation: You regenerate health from kills. [demonic
                  | ancestry]
  8361 | D:8      | Reached XP level 10. HP: 76/76 MP: 13/19
  8364 | D:8      | Offered knowledge of Searing Ray by Vehumet.
  8396 | D:8      | Noticed Maggie
  8401 | D:8      | Killed Maggie
  8445 | D:8      | Found a hazy altar of Hepliaklqana.
  8966 | D:9      | Noticed Pikel
  8969 | D:9      | Killed Pikel
  9046 | D:9      | Noticed a two-headed ogre
  9050 | D:9      | Killed a two-headed ogre
  9241 | D:9      | Noticed an orange crystal statue
  9261 | D:9      | Reached *** piety under Vehumet
  9326 | D:9      | Found a broken altar of Ashenzari.
  9412 | D:9      | Found a staircase to the Orcish Mines.
  9719 | D:9      | Learned a level 4 spell: Brom's Barrelling Boulder
  9725 | D:9      | Learned a level 5 spell: Irradiate
  9731 | D:9      | Learned a level 5 spell: Borgnjor's Vile Clutch
  9732 | D:10     | Entered Level 10 of the Dungeon
  9877 | D:10     | Reached skill level 1 in Necromancy
  9979 | D:10     | Found a staircase to the Lair.
 10108 | D:10     | Found a portal to a secret trove of treasure.
 10267 | D:10     | Gained mutation: A demonic guardian rushes to your aid.
                  | [demonic ancestry]
 10267 | D:10     | Reached XP level 11. HP: 84/84 MP: 1/21
 10569 | D:10     | Found a bloodstained altar of Trog.
 10912 | D:11     | Offered knowledge of Airstrike by Vehumet.
 10928 | D:11     | Noticed a centaur warrior
 10936 | D:11     | Killed a centaur warrior
 10937 | D:11     | Reached skill level 5 in Armour
 10937 | D:11     | Reached skill level 5 in Shields
 11162 | D:11     | Found Suina's Superior Scales.
 11203 | D:11     | Noticed Fannar
 11215 | D:11     | Killed Fannar
 11773 | D:11     | You fall into a shaft and drop 2 floors!
 11815 | D:13     | Noticed a skeletal warrior
 11892 | D:13     | Noticed a centaur warrior
 11901 | D:13     | Killed a centaur warrior
 12004 | D:13     | Noticed a skeletal warrior
 12016 | D:13     | Reached **** piety under Vehumet
 12084 | D:12     | Offered knowledge of Mephitic Cloud by Vehumet.
 12089 | D:12     | Learned a level 3 spell: Mephitic Cloud
 12136 | D:12     | Noticed a two-headed ogre
 12141 | D:12     | Killed a two-headed ogre
 12184 | D:12     | Reached XP level 12. HP: 81/94 MP: 5/23
 12267 | D:11     | Noticed a two-headed ogre
 12274 | D:11     | Killed a two-headed ogre
 12584 | D:12     | Noticed a two-headed ogre
 12590 | D:12     | Killed a two-headed ogre
 13134 | D:13     | Noticed a two-headed ogre
 13140 | D:13     | Killed a two-headed ogre
 13187 | D:13     | Noticed a centaur warrior
 13485 | D:13     | Killed a centaur warrior
 13696 | D:13     | Noticed Erolcha
 13704 | D:13     | Killed Erolcha
 14001 | D:13     | Noticed a catoblepas
 14005 | D:13     | Killed a catoblepas
 14341 | D:14     | Noticed Nessos
 14510 | Lair:1   | Entered Level 1 of the Lair of Beasts
 14714 | Lair:1   | Noticed a catoblepas
 14721 | Lair:1   | Killed a catoblepas
 15473 | Lair:2   | Reached XP level 13. HP: 101/101 MP: 25/25
 15504 | Lair:2   | Reached ***** piety under Vehumet
 15537 | Lair:2   | Offered knowledge of Starburst by Vehumet.
 15811 | Lair:2   | Found an ornate altar of the Wu Jian Council.
 15812 | Lair:2   | Found a hide-covered altar of Uskayaw.
 15974 | Lair:2   | Reached skill level 10 in Earth Magic
 16619 | Lair:2   | Learned a level 6 spell: Bombard
 16628 | Lair:3   | Found a staircase to the Swamp.
 16659 | Lair:3   | Found a runed translucent gate.
 16660 | Lair:3   | Found a runed translucent gate.
 16661 | Lair:3   | Found a runed translucent gate.
 16663 | Lair:3   | Noticed Tutoepidd's ghost (journeyman DrFE)
 17158 | Lair:3   | Found a hole to the Spider Nest.
 17719 | Lair:4   | Reached skill level 10 in Fighting
 18337 | Lair:4   | Found a transporter.
 18343 | Lair:4   | Noticed Peaxtag's ghost (journeyman AtMo)
 18353 | Lair:4   | Found a transporter.
 18365 | Lair:4   | Found a bloodstained altar of Trog.
 19023 | Lair:5   | Entered Level 5 of the Lair of Beasts
 19316 | Lair:5   | Gained mutation: You are mostly covered in slimy green
                  | scales. (AC +3) [demonic ancestry]
 19316 | Lair:5   | Reached XP level 14. HP: 107/110 MP: 3/27
 19437 | Lair:5   | Reached skill level 5 in Necromancy
 19611 | Lair:5   | Found a viscous altar of Jiyva.
 19617 | Lair:5   | Found a staircase to the Slime Pits.
 19830 | Lair:5   | Noticed Rupert
 19843 | Lair:5   | Killed Rupert
 20477 | Lair:5   | Identified the +6 rapier of World Downfall {freeze, ^Contam
                  | Str+5 Dex+3 SInv}
 20847 | Orc:1    | Entered Level 1 of the Orcish Mines
 20870 | Orc:1    | Reached skill level 10 in Conjurations
 21133 | Orc:2    | Entered Level 2 of the Orcish Mines
 21183 | Orc:2    | Found a staircase to the Elven Halls.
 21311 | Orc:2    | Offered knowledge of Ignite Poison by Vehumet.
 21431 | Orc:2    | Noticed an orc warlord
 21439 | Orc:2    | Reached skill level 10 in Spellcasting
 21451 | Orc:2    | Killed an orc warlord
 21578 | Orc:2    | Found a roughly hewn altar of Beogh.
 21656 | Orc:2    | Found Imaoto's General Store.
 21662 | Orc:2    | Found Zuma's Antique Armour Emporium.
 21690 | Orc:2    | Bought a wand of digging (5) for 252 gold pieces
 22050 | Orc:2    | Found Toedwiab's Book Emporium.
 22061 | Orc:2    | Learned a level 4 spell: Ignite Poison
 22070 | Orc:2    | Found Caam's Antique Weapon Emporium.
 22135 | Orc:1    | Reached ****** piety under Vehumet
 22521 | Swamp:1  | Entered Level 1 of the Swamp
 22521 | Swamp:1  | Noticed a thorn hunter
 22524 | Swamp:1  | Killed a thorn hunter
 22533 | Lair:3   | Gained mutation: A powerful demonic guardian rushes to your
                  | aid. [demonic ancestry]
 22533 | Lair:3   | Reached XP level 15. HP: 112/118 MP: 14/29
 22586 | Swamp:1  | Reached skill level 1 in Alchemy
 22769 | Swamp:1  | Offered knowledge of Plasma Beam by Vehumet.
 25434 | Swamp:3  | Noticed Roxanne
 25442 | Swamp:3  | Learned a level 5 spell: Lee's Rapid Deconstruction
 25447 | Swamp:3  | Killed Roxanne
 25689 | Swamp:3  | Found an ancient bone altar of Kikubaaqudgha.
 25689 | Swamp:3  | Noticed a fenstrider witch
 25698 | Swamp:3  | Killed a fenstrider witch
 25721 | Swamp:3  | Got Ysigidgh's Disquisition on Desecration
 25861 | Swamp:4  | Entered Level 4 of the Swamp
 25972 | Swamp:4  | Got the Secrets of Inclement Flames
 26720 | Swamp:4  | Gained mutation: You punish those that try to bend your
                  | will. (Will+) [demonic ancestry]
 26720 | Swamp:4  | Reached XP level 16. HP: 120/127 MP: 24/31
 26740 | Swamp:4  | Offered knowledge of Orb of Destruction by Vehumet.
 27639 | Swamp:4  | Reached skill level 5 in Evocations
 27641 | Swamp:4  | Reached skill level 1 in Shapeshifting
 27897 | Swamp:4  | Got a decaying rune of Zot
 28090 | Spider:1 | Entered Level 1 of the Spider Nest
 28319 | Spider:1 | Noticed Kirke
 28321 | Spider:1 | Offered knowledge of Ozocubu's Refrigeration by Vehumet.
 28327 | Spider:1 | Noticed Frances
 28336 | Spider:1 | Killed Kirke
 28348 | Spider:1 | Killed Frances
 28555 | Spider:1 | Learned a level 7 spell: Ozocubu's Refrigeration
 29217 | Spider:1 | Reached skill level 10 in Armour
 29339 | Spider:1 | Reached skill level 10 in Shields
 30630 | Spider:3 | Identified the +1 leather armour "Xinyhu" {rElec Int+4}
 31125 | Spider:4 | Entered Level 4 of the Spider Nest
 31276 | Spider:4 | Reached XP level 17. HP: 93/135 MP: 15/33
 32275 | Spider:4 | Offered knowledge of Permafrost Eruption by Vehumet.
 34193 | Spider:4 | Got a gossamer rune of Zot
 34646 | D:14     | Killed Nessos
 34648 | D:14     | Noticed Azrael
 34920 | D:14     | Killed Azrael
 35143 | D:14     | Found a gate to the Vaults.
 35273 | D:14     | Offered knowledge of Fulsome Fusillade by Vehumet.
 35424 | D:15     | Entered Level 15 of the Dungeon
 35515 | D:15     | Found a staircase to the Depths.
 36462 | Elf:1    | Entered Level 1 of the Elven Halls
 36563 | Elf:1    | Noticed a Tzitzimitl
 36590 | Elf:1    | Gained mutation: You have a tail ending in a sharp stinger.
                  | [demonic ancestry]
 36590 | Elf:1    | Reached XP level 18. HP: 122/144 MP: 20/35
 36766 | Elf:1    | Got Iriajax's Anthology of Invitation
 36786 | Elf:1    | Identified the +2 broad axe of the Haunted God {heavy,
                  | rElec Str+6 Stlth-}
 36929 | Elf:1    | Identified the +2 falchion "Ginkimen" {drain, +Blink rPois
                  | rCorr Dex-3}
 37487 | Elf:1    | Identified the +4 dagger "Liur" {flame, MP+9 Int+4 Dex-3}
 37905 | Elf:2    | Found Ihusurar's Book Shop.
 37907 | Elf:2    | Found Jifuaw's Antique Armour Boutique.
 37909 | Elf:2    | Found Iwuurysm's Jewellery Shop.
 37915 | Elf:2    | Reached skill level 5 in Shapeshifting
 37948 | Elf:2    | Bought a polished tower shield for 247 gold pieces
 37948 | Elf:2    | Identified the +4 tower shield of Bitterness {Int+3 Dex+4}
                  | (You bought it in a shop on level 2 of the Elven Halls)
 37948 | Elf:2    | Bought a pair of embroidered gloves for 195 gold pieces
 37948 | Elf:2    | Bought a runed hat for 182 gold pieces
 37948 | Elf:2    | Bought a smoking chain mail for 247 gold pieces
 37948 | Elf:2    | Identified the +2 chain mail of Minor Irritation {Dex+4
                  | Slay+2} (You bought it in a shop on level 2 of the Elven
                  | Halls)
 38292 | Elf:2    | Found a runed translucent gate.
 38292 | Elf:2    | Found a runed translucent gate.
 38292 | Elf:2    | Found a runed translucent gate.
 38315 | Elf:2    | Found Luarchouk's Book Shop.
 38821 | Elf:2    | Offered knowledge of Fire Storm by Vehumet.
 38821 | Elf:2    | Offered knowledge of Shatter by Vehumet.
 38821 | Elf:2    | Offered knowledge of Polar Vortex by Vehumet.
 38872 | Elf:2    | Bought a Trismegistus Codex for 532 gold pieces
 38878 | Elf:2    | Learned a level 5 spell: Freezing Cloud
 39141 | Elf:2    | Identified a scroll of acquirement
 39143 | Elf:2    | Acquired 1004 gold pieces
 39462 | Elf:2    | Reached skill level 1 in Ice Magic
 39462 | Elf:2    | Reached skill level 1 in Air Magic
 40355 | Elf:3    | Entered Level 3 of the Elven Halls
 40596 | Elf:3    | Paralysed by an air elemental for 1 turns
 40600 | Elf:3    | Paralysed by an air elemental for 1 turns
 40602 | Elf:3    | Paralysed by an air elemental for 1 turns
 40607 | Elf:2    | Paralysed by an air elemental for 1 turns
 41331 | Elf:3    | Identified the +0 scale mail "Teatt" {Rampage rC++ Str-3
                  | Stlth+}
 41332 | Elf:3    | Identified the ring of Lungegep {rElec Will+ AC+4 SInv}
 41424 | Elf:3    | Reached XP level 19. HP: 152/152 MP: 27/37
 41998 | Elf:3    | Identified the ring "Gavizep" {rCorr Int+7}
 42232 | Elf:3    | Identified the +1 cloak of the Chimera {Str+5 Dex+2}
 42687 | Vaults:1 | Entered Level 1 of the Vaults
 42697 | Vaults:1 | Learned a level 8 spell: Lehudib's Crystal Spear
 43083 | D:14     | Reached skill level 15 in Spellcasting
 44600 | Vaults:1 | Reached skill level 15 in Earth Magic
 45112 | Vaults:2 | Found a crumbling gateway.
 45167 | Desolati | Entered the Desolation of Salt
 45331 | Desolati | Reached XP level 20. HP: 126/150 MP: 15/39
 45342 | Desolati | Reached skill level 15 in Fighting
 45717 | Desolati | Identified the +8 chain mail "Semex" {rC- rCorr Dex+2
                  | Stlth+}
 45965 | Desolati | Identified the +1 morningstar of Rauqiudghe {freeze, rCorr
                  | MP+9 Str+3 Int-4}
 46056 | Desolati | Identified the ring "Jeubb" {Int+3 Slay+4}
 47198 | Vaults:2 | Identified the staff "Ultimatum" {rC+ rN+ Will- Str+3 Necro
                  | Alchemy}
 47199 | Vaults:2 | Identified the +0 ring mail of Fagogats {Harm Will+}
 47206 | Vaults:2 | Identified the +4 ring mail of Okawaru's Condemnation
                  | {Str+2 Int+3}
 47207 | Vaults:2 | Identified the ring of Ashrum {*Corrode rF+ rC+ Will+}
 47595 | Vaults:2 | Found Unadd's Antique Weapon Shop.
 47603 | Vaults:2 | Bought a scorched dagger for 252 gold pieces
 47603 | Vaults:2 | Identified the +5 dagger "Aphumua" {freeze, Will+} (You
                  | bought it in a shop on level 2 of the Vaults)
 47928 | Vaults:3 | Found a staircase to the Crypt.
 48846 | Vaults:3 | Noticed Asterion
 48859 | Vaults:3 | Killed Asterion
 49520 | Vaults:3 | Gained mutation: You have a sharp stinger which inflicts
                  | weakening toxins. [demonic ancestry]
 49520 | Vaults:3 | Reached XP level 21. HP: 130/171 MP: 13/41
 49523 | Vaults:3 | Acquired the +1 hat of Courage {^Drain rC+ rN+++ Stlth+}
 51892 | Vaults:4 | Upgraded the game from 0.32-a0-981-g384da2ce10 to
                  | 0.32-a0-986-ga09f62fbf4
 52013 | Depths:1 | Entered Level 1 of the Depths
 52188 | Depths:1 | You fall into a shaft and drop 1 floor!
 52316 | Depths:2 | Found Beagis's Book Shoppe.
 52869 | Depths:1 | Found a sparkling altar of Nemelex Xobeh.
 52925 | Depths:1 | Found a one-way gate to the infinite horrors of the Abyss.
 53092 | Depths:1 | Noticed Norris
 53111 | Depths:1 | Killed Norris
 53554 | Depths:1 | Found a one-way gateway to a ziggurat.
 53720 | Depths:1 | Found a gateway to Hell.
 53754 | Depths:1 | Found a shimmering blue altar of Sif Muna.
 54272 | Depths:2 | Gained mutation: You are completely covered in slimy green
                  | scales. (AC +4, rPois) [demonic ancestry]
 54272 | Depths:2 | Reached XP level 22. HP: 173/181 MP: 21/43
 54896 | Depths:2 | Noticed a juggernaut
 54901 | Depths:2 | Killed a juggernaut
 55210 | Depths:2 | Noticed a golden dragon
 55210 | Depths:2 | Found the +9 sword of Zonguldrok {reap}
 55216 | Depths:2 | Killed a golden dragon
 55226 | Depths:2 | Noticed a juggernaut
 55400 | Depths:2 | Found a one-way gate leading to the halls of Pandemonium.
 55414 | Depths:2 | Killed a juggernaut
 56244 | Depths:3 | Noticed Mennas
 56250 | Depths:3 | HP: 9/182 [Mennas/+5 trishula of holy wrath (12)]
 56251 | Depths:3 | Mangled by Mennas

Illustrated notes

Levels and vault maps discovered:
D:1:      dpeg_arrival_stone_temple_mockup, layout_loops_ring, amethyst_killhole
D:2:      layout_loops_ring
D:3:      layout_basic, lemuel_tele_altar, serial_glass, glass_columns_a,
          glass_columns_b
D:4:      layout_loops_corners, nicolae_overflow_crystal_walls,
          grunt_dithmenos_smoke, general_overflow_altar,
          nicolae_overflow_two_pavilions, minmay_ogre_servants, uniq_eustachio,
          uniq_crazy_yiuf_cottage, uniq_blork_the_orc
D:5:      layout_loops_ring
D:6:      layout_loops_corners, amcnicky_altar_gilded,
          minmay_temple_entry_large_hall, kennysheep_nub
D:7:      layout_loops_ring, nicolae_uskayaw_dance_studio
D:8:      layout_basic, mainiacjoe_overflow_small_starburst, lemuel_round_altar,
          minmay_unpleasant_kobolds, uniq_erica, uniq_maggie
D:9:      layout_irregular_city, mainiacjoe_overflow_concentric_impassable,
          orc_0_dummy, minivault_21, minmay_protected_statue, uniq_pikel
D:10:     layout_loops_ring, lightli_temple_of_fire, erik_lair_dragon,
          nicolae_trove_entry_crossroad
D:11:     layout_cave_pods, hellmonk_scale_shop, uniq_fannar
D:12:     layout_rooms, drop_trap, lemuel_flame_loot_1
D:13:     layout_loops_corners, uniq_erolcha
D:14:     layout_big_octagon, erik_vaults_1, eino_house_with_fridge,
          uniq_azrael, uniq_nessos
D:15:     hangedman_depths_entry_civil_slaughter, layout_rooms,
          serial_corexii_hall, corexii_hall_statues_i,
          chequers_hall_statues_wall_a, chequers_hall_statues_corner_a,
          corexii_hall_statues_i, chequers_serial_rivers_room_b,
          chequers_serial_rivers_room_b
Lair:1:   layout_cave_shapes
Lair:2:   layout_misc_corridors, serial_forest, infiniplex_forest_clump_curved,
          infiniplex_forest_corner_2, infiniplex_forest_straight_3,
          infiniplex_forest_fountain, infiniplex_forest_lined_2,
          nzn_masters_of_martial_movement
Lair:3:   layout_chaotic_city, swamp_mist_pool, spider_nest_entry_rubble,
          ebering_ghost_rock_garden, lemuel_fruit_tree, serial_bayou_shore_a
Lair:4:   cheibrodos_magma_flow, layout_cave_pods,
          gammafunk_ghost_wrathful_warriors, lemuel_fruit_fields
Lair:5:   grunt_lair_end_beastmaster, layout_hall_layers,
          minmay_slime_entry_oklob_enclosed, uniq_rupert
Swamp:1:  layout_falls_marsh, hangedman_swamp_cone
Swamp:2:  layout_falls_marsh, nicolae_swamp_some_circles
Swamp:3:  layout_basic_swamp, infiniplex_staircase_pool, beargit_kiku_chapel,
          uniq_roxanne
Swamp:4:  swamp_icy, layout_basic_swamp
Spider:1: nicolae_spider_broodchamber, uniq_kirke, uniq_frances
Spider:2: layout_spider_delve
Spider:3: layout_cave_pods
Spider:4: spider_rune_water
Orc:1:    layout_caves, nicolae_orc_hostile_takeover
Orc:2:    grunt_orc_cross, layout_diamond_mine, special_room
Elf:1:    layout_loops_corners, minmay_elf_demonology
Elf:2:    elven_hall_of_blades_hangedman_original [nicolae_blade_tridents],
          layout_loops_corners, serial_shops, shop,
          hangedman_elven_crosses_minicolossus, minmay_shop_star
Elf:3:    minmay_elf_hall_not_hex, layout_loops_cross, minivault_16, drop_trap
Vaults:1: nicolae_vaults_windows_and_doors_thing, vaults_room_door_hall,
          vaults_mumra_hex, nicolae_vaults_tetromino_L_1, grunt_vaults_focal,
          vaults_mumra_chevron_long, nicolae_vaults_octothorpe,
          ontoclasm_vaults_ligature, v_misc_27, st_hourglassy,
          vaults_standard_mumra_lines, nicolae_vaults_double_plus_1,
          vaults_dpeg_ring, layout_vaults_big_room
Vaults:2: portal_desolation_entry_twin_temple, nicolae_vaults_closet_pinwheel_2,
          serial_ice_h, nicolae_vaults_rhombus_6, v_misc_9,
          nicolae_vaults_little_ls, nicolae_vaults_storing_the_good_stuff,
          hangedman_vaults_slither, lemuel_angel_altar, v_misc_33,
          nicolae_vaults_double_plus_2, v_misc_30, v_misc_22,
          nicolae_vaults_asterisk, nicolae_vaults_more_shelving_2,
          nicolae_vaults_little_squares_1, nicolae_vaults_offset_grid_hallway_2,
          grunt_vaults_hallway_short, layout_vaults_maze, serial_shops, shop
Vaults:3: ontoclasm_vaults_claustrophobia, vaults_dpeg_diagonal, v_misc_29,
          nicolae_vaults_shipping_containers_2, minmay_crypt_entry_simple_round,
          vaults_room_corners, vaults_room_semicircle,
          nicolae_vaults_closet_pinwheel_4, layout_vaults_omnigrid,
          uniq_asterion
Vaults:4: vaults_room_semicircle, ontoclasm_vaults_eye, v_misc_12, v_misc_17,
          vaults_mumra_minichess_inversion, grunt_vaults_hallway_long,
          nicolae_vaults_double_plus_2, grunt_vaults_funnel,
          hangedman_vaults_restitches, hangedman_vaults_unwind,
          nicolae_vaults_little_guard_posts, nicolae_vaults_house_2,
          layout_vaults_omnibox
Depths:1: layout_gridlike, enter_ziggurat_f, hellmonk_sif_muna_bookshelves,
          abyss_entry_crystal, hell_entry, grunt_ministairs_8,
          nemelex_spade_bored_becter, uniq_norris
Depths:2: minmay_the_grid_plus [minmay_the_grid_minigrid_large,
          minmay_the_grid_dragon_b, minmay_the_grid_mess,
          minmay_the_grid_plusring, minmay_the_grid_prize_four_corners],
          layout_small_grid, serial_shops, nicolae_shop_just_a_little_nook,
          grunt_pan_entry_spiral, fountainhead, hell_entry,
          serial_bayou_shore_b, infiniplex_staircase_pool_1
Depths:3: nzn_winding_woodlands_three_and_one
          [nzn_winding_woodlands_5x15_crooked, nzn_winding_woodlands_5x15_cabin,
          nzn_winding_woodlands_5x15_eye,
          nzn_winding_woodlands_center_triple_pond], layout_cave_shapes,
          abyss_entry, pan_entry, grunt_hell_entry_dis_grunt,
          nicolae_shop_self_help, uniq_mennas, uniq_sojobo, uniq_vv

Skill      XL: |  1  2  3  4  5  6  7  8  9 10 11 12 13 14 15 16 17 18 19 20 21 22 |
---------------+-------------------------------------------------------------------+-----
Fighting       | 1 2 3 4 5 6 7 8 9 10 11 12 13 14 16 17 | 17.4
Earth Magic    | 3 4 5 6 7 8 9 10 12 13 14 15 16 17 | 17.2
Spellcasting   | 3 4 5 6 7 8 9 10 11 12 13 14 15 16 17 | 17.6
Dodging        | 2 3 |  3.0
Evocations     | 1 2 3 4 6 |  6.0
Conjurations   | 2 3 4 5 6 7 9 10 11 12 13 14 | 14.5
Stealth        | 2 3 |  3.0
Armour         | 1 3 4 6 7 8 9 10 11 12 | 12.0
Shields        | 1 3 4 6 7 8 9 10 11 12 13 | 13.7
Necromancy     | 2 3 4 6 |  6.0
Alchemy        | 3 |  3.0
Shapeshifting  | 3 4 6 7 8 9 |  9.0
Ice Magic      | 2 3 |  3.0
Air Magic      | 2 3 |  3.0

Action                     |  1- 3 |  4- 6 |  7- 9 | 10-12 | 13-15 | 16-18 | 19-21 | 22-24 || total
---------------------------+-------+-------+-------+-------+-------+-------+-------+-------++-------
  Melee: Short sword       |     8 |       |       |       |       |       |       |       ||     8
         Unarmed           |     1 |       |       |       |       |       |       |       ||     1
         Dagger            |     5 |    31 |    36 |    46 |   129 |       |       |       ||   247
         Tailslap          |       |     3 |     7 |    11 |    62 |    46 |    96 |    18 ||   243
         Scimitar          |       |       |       |       |    55 |       |       |       ||    55
         Rapier            |       |       |       |       |    79 |   184 |   285 |    39 ||   587
   Cast: Sandblast         |    61 |    83 |    87 |    43 |    20 |    18 |     1 |     2 ||   315
         Stone Arrow       |       |     9 |   113 |   296 |   180 |   174 |    84 |     1 ||   857
         Passwall          |       |     1 |       |     4 |     3 |     7 |     3 |       ||    18
         Mephitic Cloud    |       |       |       |    13 |    90 |    48 |    16 |       ||   167
         Borgnjor's Vile C |       |       |       |     5 |   222 |   307 |   302 |    47 ||   883
         Irradiate         |       |       |       |     1 |     7 |     9 |    10 |     1 ||    28
         Bombard           |       |       |       |       |   129 |   186 |   209 |    48 ||   572
         Lee's Rapid Decon |       |       |       |       |    10 |   105 |    96 |     9 ||   220
         Ignite Poison     |       |       |       |       |     1 |       |       |       ||     1
         Freezing Cloud    |       |       |       |       |       |    20 |    91 |    12 ||   123
         Lehudib's Crystal |       |       |       |       |       |       |     5 |     3 ||     8
  Evoke: Wand              |       |     1 |     3 |    13 |    17 |     7 |    10 |       ||    51
         Lightning rod     |       |       |       |       |       |     4 |       |       ||     4
         Sack of spiders   |       |       |       |       |       |     1 |       |       ||     1
         Condenser vane    |       |       |       |       |       |     1 |       |       ||     1
         Phantom mirror    |       |       |       |       |       |       |       |     1 ||     1
    Use: Scroll            |     2 |     3 |     5 |    10 |    14 |    17 |     2 |       ||    53
         Potion            |       |     3 |       |     1 |     4 |     2 |       |     1 ||    11
   Stab: Sleeping          |       |       |     1 |     1 |     1 |       |     4 |       ||     7
         Confused          |       |       |       |       |    17 |     8 |     5 |       ||    30
         Distracted        |       |       |       |       |     1 |       |       |     1 ||     2
 Armour: Robe              |    23 |       |       |   177 |   482 |   156 |       |       ||   838
         Leather armour    |     4 |    65 |   101 |    21 |       |   386 |   713 |   105 ||  1395
  Dodge: Dodged            |    27 |    48 |    81 |   107 |   317 |   250 |   267 |    32 ||  1129
  Block: Buckler           |       |       |    25 |    84 |   253 |   162 |       |       ||   524
         Kite shield       |       |       |       |       |       |   144 |   587 |    64 ||   795
         Reflection        |       |       |       |       |       |       |       |     3 ||     3

Table legend: (Time is in decaauts)
 A = Elapsed time spent in this place.
 B = Non-inter-level travel time spent in this place.
 C = Inter-level travel time spent in this place.
 D = Time resting spent in this place.
 E = Time spent auto-exploring this place.
 F = Levels seen in this place.
 G = Mean time per level.
                   A        B        C        D        E       F      G
               +--------+--------+--------+--------+--------+-----+--------+
         Total |  56989 |  53780 |   3209 |  14378 |  25428 |  41 | 1390.0 |
       Dungeon |  17791 |  16212 |   1579 |   2776 |  10205 |  15 | 1186.1 |
          Lair |   6819 |   6429 |    390 |   1468 |   3083 |   5 | 1363.8 |
         Swamp |   5480 |   5201 |    279 |   2420 |   1158 |   4 | 1370.0 |
   Spider Nest |   6287 |   5922 |    365 |   2909 |   1268 |   4 | 1571.8 |
  Orcish Mines |   1603 |   1471 |    132 |    240 |    820 |   2 |  801.5 |
   Elven Halls |   6074 |   5808 |    266 |   2113 |   2211 |   3 | 2024.7 |
        Vaults |   7616 |   7429 |    187 |    868 |   5155 |   4 | 1904.0 |
        Depths |   4207 |   4199 |      8 |   1302 |   1526 |   3 | 1402.3 |
    Desolation |   1109 |   1109 |      0 |    282 |      0 |   1 | 1109.0 |
               +--------+--------+--------+--------+--------+-----+--------+

Top non-repeatable levels by time:
Vaults:3: 2509 daAuts
Depths:2: 2508 daAuts
   Elf:2: 2472 daAuts
Spider:4: 2274 daAuts
     D:4: 1969 daAuts
   Elf:1: 1929 daAuts
    D:13: 1908 daAuts
Spider:3: 1895 daAuts
Vaults:2: 1795 daAuts
Vaults:1: 1721 daAuts
   Elf:3: 1672 daAuts
  Lair:5: 1667 daAuts
 Swamp:4: 1618 daAuts
Vaults:4: 1589 daAuts
Depths:1: 1559 daAuts
